AoeStats
← Cana

Arabia

504764596Analyzed
1v1 RM · 25d ago on Sep 6, 2026· 26m 16s· 2 players
Game mode
Random Map
Map size
Tiny (2 player)
Population
200
Speed
Normal
Resources
Standard
Victory
Conquest
Starting age
Dark Age
Ending age
Imperial Age
RankedLock teamsTeams togetherTeam positionsShared explorationLock speedFull tech treeHidden civsTurbo modeCheats
Victory
Defeat
🇧🇷 Magyars · Brazil
1529
+18
🇨🇦 Saracens · Canada
1569
-18
Cana
6:18 Loom
6:47 Loom
9:01 Feudal Age
9:56 Double-Bit Axe
15:17 Wheelbarrow
19:01 Castle Age
17:02 Horse Collar
17:48 Fletching
18:34 Padded Archer Armor
18:38 Gold Mining
19:02 Crossbowman
19:53 Bodkin Arrow
24:07 Ballistics
WittedGnat
7:45 Loom
11:52 Feudal Age
12:43 Double-Bit Axe
16:29 Horse Collar
20:51 Castle Age
20:35 Wheelbarrow
20:08 Gold Mining
20:29 Fletching
21:11 Stone Mining
21:30 Bodkin Arrow
21:02 Crossbowman
22:11 Padded Archer Armor
24:21 Gold Shaft Mining
24:01 Bow Saw
24:09 Bloodlines
24:33 Husbandry
25:01 Scale Barding Armor
25:10 Heavy Plow
25:56 Gold Shaft Mining
Connection lost

Rejoining the realm…

Still unreachable

The connection could not be restored.

Session expired

The server has moved on; the page needs a fresh start.